 Dungeon Crawl Stone Soup version 0.22.1-2-g9c5b331 (webtiles) character file.

2776 Lilu the Destroyer (level 9, -1/51 HPs)
             Began as a Deep Elf Conjurer on Nov 15, 2018.
             Was a Priest of Sif Muna.
             Slain by a two-headed ogre
             ... wielding a +0 giant club
              (17 damage)
             ... on level 8 of the Dungeon.
             The game lasted 00:24:16 (7901 turns).

Lilu the Destroyer (Deep Elf Conjurer)              Turns: 7901, Time: 00:24:16

Health: -1/51      AC:  8    Str:  7    XL:     9   Next: 42%
Magic:  18/22      EV: 13    Int: 22    God:    Sif Muna [***...]
Gold:   227        SH:  8    Dex: 15    Spells: 19/22 levels left

rFire    . . .     SeeInvis .   O - +4 trident (pierce)
rCold    + . .     Gourm    .   u - +0 shield
rNeg     . . .     Faith    +   x - +2 leather armour {rC+}
rPois    +         Spirit   .   N - +0 helmet
rElec    .         Reflect  .   (no cloak)
rCorr    .         Harm     .   q - +0 pair of gloves
MR       .....                  s - +0 pair of boots
Stlth    ++........             r - amulet of faith
HPRegen  0.17/turn              G - ring of poison resistance
MPRegen  0.18/turn              (no ring)

@: divine energy
A: no striking features
a: Stop Divine Energy, Channel Magic, Renounce Religion


You were on level 8 of the Dungeon.
You worshipped Sif Muna.
Sif Muna was most pleased with you.
You were not hungry.

You visited 2 branches of the dungeon, and saw 9 of its levels.

You collected 426 gold pieces.
You spent 199 gold pieces at shops.

Inventory:

Hand Weapons
 H - a +0 shortbow
 O - a +4 trident of piercing (weapon)
Missiles
 b - 46 poisoned needles
 g - 121 sling bullets
 k - 8 tomahawks (quivered)
 v - a throwing net
 A - 43 bolts
 C - 93 stones
 F - 59 arrows
Armour
 q - a +0 pair of gloves (worn)
 s - a +0 pair of boots (worn)
 u - a +0 shield (worn)
 x - a +2 leather armour of cold resistance (worn)
 N - a +0 helmet (worn)
Jewellery
 r - an amulet of faith (around neck)
 G - a ring of poison resistance (left hand)
Wands
 n - a wand of iceblast (13)
Scrolls
 a - a scroll of amnesia {unknown}
 f - a scroll of identify
 i - 4 scrolls of remove curse
 l - 3 scrolls of fog
 m - 3 scrolls of teleportation {unknown}
 w - a scroll of holy word {unknown}
 B - 2 scrolls of magic mapping {unknown}
 J - a scroll of enchant armour {unknown}
 K - a scroll of vulnerability {unknown}
Potions
 d - 2 potions of brilliance
 e - 2 potions of curing
 h - a potion of heal wounds
 j - a potion of lignification {unknown}
 o - a potion of ambrosia {unknown}
 p - a potion of resistance {unknown}
 D - a potion of might {unknown}
 E - a potion of haste {unknown}
 I - a potion of mutation {unknown}
Comestibles
 c - 8 rations


   Skills:
 + Level 3.4 Fighting
 + Level 3.4 Armour
 + Level 6.7 Dodging
 - Level 2.4 Stealth
 + Level 3.4 Shields
 + Level 7.4 Spellcasting
 * Level 9.2 Conjurations


You had 19 spell levels left.
You knew the following spells:

 Your Spells              Type           Power        Failure   Level  Hunger
a - Magic Dart            Conj           ####         1%          1    None
b - Searing Ray           Conj           #####.       1%          2    None

Your spell library contained the following spells:

 Spells                   Type           Power        Failure   Level  Hunger
 Iskenderun's Mystic Bla  Conj           #####...     12%         4    ###....
 Dazzling Spray           Conj/Hex       ####..       22%         3    None
 Force Lance              Conj/Tloc      ####....     58%         4    ###....
 Fulminant Prism          Conj/Hex       ####......   58%         4    ###....


Dungeon Overview and Level Annotations

Branches:
Dungeon (8/15)             Temple (1/1) D:5
   Lair: D:8-11

Altars:
Dithmenos
Nemelex Xobeh
Qazlal
Ru
Sif Muna
Trog
Uskayaw
Yredelemnul
The Shining One

Shops:
D:6 %*%:*   D:7 !


Message History

Aim: a two-headed ogre, wielding two giant clubs (lightly wounded)
The searing ray hits the two-headed ogre.
The two-headed ogre is moderately wounded. (Press . to maintain the ray.)
You block the two-headed ogre's attack. The two-headed ogre barely misses you.
The searing ray hits the two-headed ogre.
The two-headed ogre is moderately wounded.
You block the two-headed ogre's attack. The two-headed ogre barely misses you.
The searing ray hits the two-headed ogre.
The two-headed ogre is heavily wounded.
The two-headed ogre hits you with a giant club!!
The two-headed ogre hits you with a giant club!
* * * LOW HITPOINT WARNING * * *
The searing ray hits the two-headed ogre.
The two-headed ogre is severely wounded.
You finish channeling your searing ray.
There is a stone staircase leading up here.
You block the two-headed ogre's attack.
The two-headed ogre hits you with a giant club!
You die...

#F....# ####
#.....# #..#
#.....# #.@#
#.....#
#.O#######.....#
#<......##.....#
#.....#.##.....# .
#.....#..#.....#...
#..................
##########....#....
##........
#........


You could see a two-headed ogre.

Vanquished Creatures
  Pikel (D:7)
  A hippogriff (D:7)
  Edmund (D:6)
  Duvessa (D:6)
  An orc warrior (D:7)
  2 ice beasts
  A necrophage (D:7)
  3 ogres
  2 centaurs
  A big kobold (D:7)
  3 bullfrogs
  A gnoll sergeant (D:7)
  3 howler monkeys
  3 crimson imps
  A jelly (D:5)
  3 hounds
  An orc wizard (D:7)
  2 orc priests (D:7)
  Jessica (D:3)
  A bullfrog skeleton (D:4)
  Ijyb (D:4)
  4 worker ants
  A hound skeleton (D:5)
  A worker ant zombie (D:5)
  8 gnolls (D:7)
  5 adders
  A shadow imp (D:7)
  3 oozes
  An adder zombie (D:6)
  4 worms
  A dart slug (D:3)
  4 leopard geckos
  9 orcs
  6 bats
  7 giant cockroaches
  7 goblins
  7 hobgoblins
  5 jackals (D:1)
  3 quokkas
  2 ball pythons (D:3)
  9 frilled lizards
  2 goblin skeletons (D:4)
  A hobgoblin zombie (D:4)
  8 kobolds
  A kobold zombie (D:4)
  3 orc skeletons (D:4)
  2 orc zombies (D:4)
  8 rats
  A spectral orc (D:5)
148 creatures vanquished.

Vanquished Creatures (others)
  2 slaves (D:7)
  A centaur (D:7)
  An orc (D:7)
4 creatures vanquished.

Grand Total: 152 creatures vanquished

Notes
Turn   | Place    | Note
-------+----------+-------------------------------------------
     0 | D:1      | Lilu the Deep Elf Conjurer began the quest for the Orb.
     0 | D:1      | Reached XP level 1. HP: 10/10 MP: 6/6
    55 | D:1      | Reached XP level 2. HP: 15/15 MP: 1/8
   696 | D:1      | Reached skill level 5 in Conjurations
   698 | D:1      | Reached XP level 3. HP: 19/19 MP: 6/10
  1394 | D:2      | Learned a level 2 spell: Searing Ray
  1476 | D:2      | Found a sparkling altar of Nemelex Xobeh.
  1720 | D:2      | Found a shadowy altar of Dithmenos.
  1891 | D:2      | Found a deep blue altar of Sif Muna.
  1974 | D:3      | Noticed Jessica
  2377 | D:2      | Became a worshipper of Sif Muna the Loreminder
  2450 | D:3      | Reached XP level 4. HP: 24/24 MP: 3/11
  2597 | D:3      | Killed Jessica
  2924 | D:3      | Reached XP level 5. HP: 28/28 MP: 9/13
  3042 | D:4      | Found a glowing golden altar of the Shining One.
  3072 | D:4      | Reached skill level 6 in Conjurations
  3222 | D:4      | Reached * piety under Sif Muna
  3256 | D:4      | Noticed Ijyb
  3269 | D:4      | Killed Ijyb
  3400 | D:4      | Found a sacrificial altar of Ru.
  3553 | D:4      | Noticed an ogre
  3562 | D:4      | Killed an ogre
  3562 | D:4      | Reached skill level 5 in Spellcasting
  3562 | D:4      | Reached XP level 6. HP: 33/33 MP: 10/15
  3758 | D:5      | Entered Level 5 of the Dungeon
  3777 | D:5      | Found a staircase to the Ecumenical Temple.
  3882 | D:5      | Reached skill level 1 in Fighting
  3882 | D:5      | Reached skill level 1 in Shields
  4023 | D:5      | Reached skill level 1 in Armour
  4104 | D:5      | Reached XP level 7. HP: 37/38 MP: 11/16
  4169 | D:5      | Reached skill level 7 in Conjurations
  4292 | D:5      | Found a stormy altar of Qazlal.
  4476 | D:5      | Found a basalt altar of Yredelemnul.
  4539 | D:5      | Found a hide-covered altar of Uskayaw.
  4841 | Temple   | Entered the Ecumenical Temple
  4883 | D:6      | Noticed Duvessa
  4883 | D:6      | Noticed Dowan
  4892 | D:6      | Killed Duvessa
  4892 | D:6      | Reached skill level 5 in Dodging
  4925 | D:6      | Noticed Dowan
  4925 | D:6      | Dowan changed into Dowan the killer bee
  4926 | D:6      | Noticed Dowan
  4926 | D:6      | Dowan the killer bee changed into Dowan the iguana
  4928 | D:6      | HP: 1/39 [Dowan the iguana (13)]
  4930 | D:6      | Noticed Dowan
  4930 | D:6      | Dowan the iguana changed into Dowan the wolf
  4931 | D:6      | Noticed Dowan
  4931 | D:6      | Dowan the wolf changed into Dowan the steam dragon
  4933 | D:6      | Noticed Dowan
  4933 | D:6      | Dowan the steam dragon changed into Dowan the bullfrog
  4962 | D:6      | Killed Dowan the bullfrog
  4962 | D:6      | Reached ** piety under Sif Muna
  5143 | D:6      | Reached XP level 8. HP: 38/44 MP: 5/18
  5344 | D:6      | Found Fuciz's Food Boutique.
  5524 | D:6      | Found Qygeen's Book Shop.
  5585 | D:6      | Found Suwnotol's Assorted Antiques.
  5588 | D:6      | Noticed Edmund
  5682 | D:6      | Killed Edmund
  5932 | D:6      | Found Ynunotar's Assorted Antiques.
  5939 | D:6      | Bought a potion of heal wounds for 115 gold pieces
  6156 | D:6      | Found Mynkahu's Food Shoppe.
  6592 | D:7      | Reached skill level 8 in Conjurations
  6892 | D:7      | Noticed Pikel
  6902 | D:7      | Killed Pikel
  6902 | D:7      | Reached XP level 9. HP: 33/50 MP: 8/21
  6978 | D:7      | Reached *** piety under Sif Muna
  7008 | D:7      | Found a bloodstained altar of Trog.
  7228 | D:7      | Found Jila's Distillery.
  7236 | D:7      | Bought a potion of curing for 42 gold pieces
  7236 | D:7      | Bought a potion of curing for 42 gold pieces
  7280 | D:7      | Reached skill level 9 in Conjurations
  7881 | D:8      | Noticed a two-headed ogre
  7901 | D:8      | Slain by a two-headed ogre

Skill      XL: |  1  2  3  4  5  6  7  8  9 |
---------------+----------------------------+-----
Dodging        | 3 4 5 6 |  6.7
Conjurations   | 5 6 7 8 9 |  9.2
Spellcasting   | 4 5 7 |  7.4
Fighting       | 1 2 3 |  3.4
Shields        | 1 2 3 |  3.4
Armour         | 1 3 |  3.4
Stealth        | |  2.4

Action                   |  1- 3 |  4- 6 |  7- 9 || total
-------------------------+-------+-------+-------++-------
Melee: Unarmed           |     6 |       |       ||     6
       Dagger            |       |     7 |    13 ||    20
       Trident           |       |       |     2 ||     2
 Cast: Magic Dart        |    89 |    47 |    67 ||   203
       Searing Ray       |     2 |    14 |    48 ||    64
Invok: Divine Energy     |       |     1 |       ||     1
Evoke: Wand              |       |       |    10 ||    10
  Use: Scroll            |       |       |     6 ||     6
       Potion            |       |       |     5 ||     5
  Eat: Chunk             |     5 |     2 |     4 ||    11
       Ration            |       |     1 |     2 ||     3
Armor: Robe              |     1 |       |       ||     1
       Leather armour    |     9 |     6 |    46 ||    61
Dodge: Dodged            |    11 |     9 |    83 ||   103
Block: Shield            |       |       |     8 ||     8
